 Dungeon Crawl Stone Soup version 0.27.1-34-g3ba077fa99 (webtiles) character file.

Game seed: 9349349118688434203

120 zeram the Ducker (level 4, 0/22 HPs)
             Began as a Spriggan Hunter on Jan 2, 2022.
             Slain by a river rat (5 damage)
             ... on level 3 of the Dungeon.
             The game lasted 00:05:04 (2532 turns).

zeram the Ducker (Spriggan Hunter)                  Turns: 2532, Time: 00:05:05

Health: 0/22       AC:  2    Str:  8    XL:     4   Next: 75%
Magic:  5/5        EV: 20    Int: 13    God:
Gold:   51         SH:  0    Dex: 15    Spells: 3/3 levels left

rFire    . . .     SeeInvis +   a - +1 hunting sling
rCold    . . .     Faith    .   (shield restricted)
rNeg     . . .     Spirit   .   c - +0 robe
rPois    .         Reflect  .   (helmet restricted)
rElec    .         Harm     .   (no cloak)
rCorr    .         Rampage  .   (gloves unavailable)
Will     .....                  (boots unavailable)
Stlth    ++........             (no amulet)
HPRegen  0.07/turn              (no ring)
MPRegen  0.09/turn              (no ring)

@: very quick
A: very small, no large weapons, unfitting armour, see invisible, speed 3
a: no special abilities


You were on level 3 of the Dungeon.
You visited 1 branch of the dungeon, and saw 3 of its levels.

You collected 51 gold pieces.

Inventory:

Hand Weapons
 a - a +1 hunting sling (weapon)
 b - a +0 short sword
Missiles
 d - 5 sling bullets
 e - 103 stones (quivered ammo)
Armour
 c - a +0 robe (worn)
Jewellery
 n - an amulet of faith
Scrolls
 f - a scroll of enchant weapon {unknown}
 h - a scroll of fog {unknown}
 i - a scroll of identify {unknown}
 k - a scroll of enchant armour {unknown}
 l - a scroll of amnesia {unknown}
 m - a scroll of immolation {unknown}
Potions
 g - a potion of cancellation {unknown}
 j - 2 potions of lignification {unknown}


   Skills:
 - Level 1.5 Fighting
 - Level 4.8 Slings
 + Level 6.7 Dodging
 - Level 1.5 Stealth


You had 3 spell levels left.
You didn't know any spells.
Your spell library contained the following spells:

 Spells                   Type           Power      Damage    Failure   Level
 Ozocubu's Armour         Ice            0%         N/A       67%         3
 Ozocubu's Refrigeration  Ice            0%         4d5       100%        7


Dungeon Overview and Level Annotations

Branches:
Dungeon (3/15)

Altars:


Innate Abilities, Weirdness & Mutations

You are very small and have problems with some larger weapons.
You are too small for most types of armour.
You have supernaturally acute eyesight. (SInv)
You cover ground extremely quickly. (Speed+++)


Message History

Unknown command.
The river rat barely misses you.
You are too injured to fight recklessly!
You are too injured to fight recklessly!
You are too injured to fight recklessly!
You are too injured to fight recklessly!
Fire: 108 stones
Press: ? - help, Q - select action, (/) - cycle Shift-Dir - straight line, f/p - river rat
Aim: a river rat (heavily wounded, 58% to hit)
You shoot a stone. The stone hits the river rat.
The river rat is severely wounded.
You hear a splash.
The river rat barely misses you.
Fire: 107 stones
Press: ? - help, Q - select action, (/) - cycle Shift-Dir - straight line, f/p - river rat
Aim: a river rat (severely wounded, 58% to hit)
You shoot a stone. The stone barely misses the river rat.
The stone hits the rat.
You kill the rat!
You hear a splash.
The river rat completely misses you.
Fire: 106 stones
Press: ? - help, Q - select action, (/) - cycle Shift-Dir - straight line, f/p - river rat
Aim: a river rat (severely wounded, 58% to hit)
You shoot a stone. The stone closely misses the river rat.
You hear a splash.
The river rat misses you.
Fire: 105 stones
Press: ? - help, Q - select action, (/) - cycle Shift-Dir - straight line, f/p - river rat
Aim: a river rat (severely wounded, 58% to hit)
You shoot a stone. The stone closely misses the river rat.
You hear a splash.
The river rat bites you!
* * * LOW HITPOINT WARNING * * *
Fire: 104 stones
Press: ? - help, Q - select action, (/) - cycle Shift-Dir - straight line, f/p - river rat
Aim: a river rat (severely wounded, 58% to hit)
You shoot a stone. The stone barely misses the river rat.
The river rat bites you.
You die...

########.## #
########.##
..........#
...#####..#
#[.# #..#
#..###.##
#####........
#..@...###.##
#.r..#####
#...†#≈≈≈#
#...≈#≈#(#
#...≈#≈#r#
##.((≈(#≈≈
#..≈#≈#≈##
#(.≈≈≈#≈≈
##...#≈###


You could see a river rat.

Vanquished Creatures
  3 adders (D:2)
  2 river rats
  3 worms
  2 dart slugs (D:1)
  An orc (D:3)
  8 endoplasms
  A giant cockroach (D:1)
  10 goblins
  6 hobgoblins
  A quokka (D:3)
  5 ball pythons
  2 bats
  2 frilled lizards
  9 kobolds
  9 rats
64 creatures vanquished.

Notes
Turn   | Place    | Note
-------+----------+-------------------------------------------
     0 | D:1      | zeram the Spriggan Hunter began the quest for the Orb.
     0 | D:1      | Reached XP level 1. HP: 10/10 MP: 2/2
    11 | D:1      | Reached skill level 3 in Dodging
   132 | D:1      | Reached XP level 2. HP: 12/14 MP: 3/3
   186 | D:1      | Reached skill level 4 in Dodging
   386 | D:1      | Reached XP level 3. HP: 18/18 MP: 4/4
   661 | D:2      | Reached skill level 5 in Dodging
  1064 | D:2      | Found a faded altar of an unknown god.
  1215 | D:2      | Reached XP level 4. HP: 22/22 MP: 5/5
  1273 | D:2      | Reached skill level 6 in Dodging
  1375 | D:3      | HP: 1/22 [river rat (3)]
  2532 | D:3      | Slain by a river rat

Illustrated notes

Levels and vault maps discovered:
D:1:      dpeg_arrival_arbitrary_a, layout_rooms, moated_statue,
          corexii_item_surrounded_by_moat, minmay_surrounded
D:2:      layout_basic, hellmonk_ecumenical_altar_slurped_away
D:3:      layout_loops_ring, lightli_sewer_entry_pipes

Skill      XL: |  1  2  3  4 |
---------------+-------------+-----
Dodging        | 3 4 5 6 |  6.7
Fighting       | |  1.5
Slings         | |  4.8
Stealth        | |  1.5

Action                   |  1- 3 |  4- 6 || total
-------------------------+-------+-------++-------
Melee: Short sword       |       |     6 ||     6
 Fire: Hunting sling     |   125 |   131 ||   256
Throw: Stone             |       |     3 ||     3
  Use: Scroll            |     1 |       ||     1
       Potion            |       |     1 ||     1
Armor: Robe              |     3 |     3 ||     6
Dodge: Dodged            |    26 |    63 ||    89
